 Dungeon Crawl Stone Soup version 0.30-a0-986-g7f2e898f52 (webtiles) character file.

Game seed: 215255237278738299

20 sanka the Poker (level 2, 0/24 HPs)
             Began as a Demonspawn Monk on Apr 1, 2023.
             Slain by Terence
             ... wielding a +0 falchion
              (10 damage)
             ... on level 2 of the Dungeon.
             The game lasted 00:01:26 (1112 turns).

sanka the Poker (Demonspawn Monk)                   Turns: 1112, Time: 00:01:27

Health: 0/24       AC:  2    Str: 11    XL:     2   Next: 58%
Magic:  2/2        EV: 12    Int: 11    God:
Gold:   131        SH:  0    Dex: 15    Spells: 1/1 levels left

rFire   . . .      SeeInvis .    a - +0 spear
rCold   x . .      Faith    .    (no shield)
rNeg    . . .      Spirit   .    b - +0 robe
rPois   .          Reflect  .    (helmet restricted)
rElec   .          Rampage  .    (no cloak)
rCorr   .                        (no gloves)
Will    .....                    (no boots)
Stlth   ++                       i - amulet of regeneration
HPRegen 1.04/turn                (no ring)
MPRegen 0.08/turn                (no ring)

@: no status effects
A: claws 1, antennae 1, evolution 1, cold vulnerability 1
a: no special abilities


You were on level 2 of the Dungeon.
You visited 1 branch of the dungeon, and saw 2 of its levels.

You collected 131 gold pieces.


Innate Abilities, Weirdness & Mutations

You have sharp fingernails.
You have a pair of small antennae on your head.
You have hidden genetic potential.
You are vulnerable to cold. (rC-)


   Skills:
 - Level 3.0 Fighting
 - Level 3.3 Polearms
 - Level 2.6 Dodging
 - Level 1.7 Stealth
 + Level 1.1 Unarmed Combat


You had one spell level left.
You didn't know any spells.
Your spell library contained the following spells:

 Spells                   Type           Power      Damage    Failure   Level
 Dazzling Flash           Conj/Hex       0%         N/A       71%         3
 Iskenderun's Mystic Bla  Conj/Tloc      0%         2d3       98%         4
 Starburst                Conj/Fire      0%         6d3       100%        6

Inventory:

Hand Weapons
 a - a +0 spear (weapon)
Armour
 b - a +0 robe (worn)
Jewellery
 i - an amulet of regeneration (around neck)
Scrolls
 e - a scroll of magic mapping {unknown}
 f - a scroll of vulnerability {unknown}
 g - a scroll of identify {unknown}
 h - a scroll of amnesia {unknown}
Potions
 d - a potion of mutation {!q}

Dungeon Overview and Level Annotations

Branches:
Dungeon (2/15)

Altars:

Annotations:
D:2 Terence

▒..........▒ .
▒▒▒▒▒▒▒▒▒▒.▒ ▒
▒...▒.▒ ▒.▒.▒.▒
▒▒▒ ▒.▒.▒.▒ ▒..
▒.▒<▒.▒ ▒.▒
▒▒▒▒▒▒.▒▒▒.▒
▒.▒
.........▒.▒
▒@▒
▒▒▒▒▒▒.▒.▒.▒
▒6▒ ▒...▒.▒.▒
▒.▒ ▒.▒▒▒.▒.▒
▒.▒ ▒.....▒.▒
▒.▒
▒▒▒▒▒▒▒.▒▒▒▒▒.▒
▒..)....▒
▒▒▒▒▒▒▒▒▒


You could see Terence.


Message History

You feel vulnerable to cold.
You feel a hidden potential growing inside you.
Terence barely misses you.
It was a potion of heal wounds.
Terence hits you with a +0 falchion!
You closely miss Terence.
Terence is severely wounded.
Terence says, "Time to say good-bye..."
Terence barely misses you.
You hit Terence.
Terence is almost dead.
Terence misses you.
You hit Terence but do no damage.
Terence is almost dead.
Terence closely misses you.
You closely miss Terence.
Terence is almost dead.
Terence asks, "Do you want it fast or slow?"
Terence closely misses you.
You hit Terence but do no damage.
Terence is almost dead.
Terence hits you with a +0 falchion.
You hit Terence.
Terence is almost dead.
Terence hits you with a +0 falchion.
* * * LOW HITPOINT WARNING * * *
You hit Terence but do no damage.
Terence is almost dead.
Terence hits you with a +0 falchion!
You die...

Action                     || total
---------------------------++-------
  Melee: Spear             ||    85
    Use: Potion            ||     3
   Stab: Sleeping          ||     4
         Distracted        ||     1
 Armour: Robe              ||     9
  Dodge: Dodged            ||    42

Levels and vault maps discovered:
D:1:      dpeg_arrival_three_smaller_balls, layout_loops_ring,
          amcnicky_mini_pool_small
D:2:      layout_basic, uniq_terence

Notes
Turn   | Place    | Note
-------+----------+-------------------------------------------
     0 | D:1      | sanka the Demonspawn Monk began the quest for the Orb.
     0 | D:1      | Reached XP level 1. HP: 18/18 MP: 1/1
   154 | D:1      | Reached skill level 3 in Polearms
   508 | D:1      | Gained mutation: You have sharp fingernails. [demonic
                  | ancestry]
   508 | D:1      | Reached XP level 2. HP: 19/24 MP: 2/2
   991 | D:2      | Reached skill level 1 in Unarmed Combat
  1076 | D:2      | Noticed Terence
  1101 | D:2      | HP: 2/24 [Terence/+0 falchion (7)]
  1104 | D:2      | Gained mutation: You have a pair of small antennae on your
                  | head. [potion of mutation]
  1104 | D:2      | Gained mutation: You are vulnerable to cold. (rC-) [potion
                  | of mutation]
  1104 | D:2      | Gained mutation: You have hidden genetic potential. [potion
                  | of mutation]
  1112 | D:2      | Slain by Terence

Vanquished Creatures
  2 bats
  2 endoplasms
  2 giant cockroaches
  3 ball pythons (D:1)
  6 goblins
  A kobold (D:2)
  2 rats
18 creatures vanquished.
